 Dungeon Crawl Stone Soup version 0.24.0-13-gcf9b319 (webtiles) character file.

Game seed: 3069154999521392638, levelgen mode: deterministic

67 Balder the Skirmisher (level 4, 0/27 HPs)
             Began as a Deep Elf Fighter on Apr 19, 2020.
             Slain by a gnoll
             ... wielding a +0 spear
              (2 damage)
             ... on level 2 of the Dungeon.
             The game lasted 00:05:45 (1493 turns).

Balder the Skirmisher (Deep Elf Fighter)            Turns: 1493, Time: 00:05:46

Health: 0/27       AC:  7    Str: 19    XL:     4   Next: 0%
Magic:  6/6        EV:  7    Int: 13    God:
Gold:   10         SH:  9    Dex: 14    Spells: 3/3 levels left

rFire    + . .     SeeInvis .   b - +0 short sword
rCold    + . .     Gourm    .   c - +0 shield
rNeg     . . .     Faith    .   o - +0 scale mail
rPois    +         Spirit   .   (no helmet)
rElec    +         Reflect  .   (no cloak)
rCorr    +         Harm     .   g - +0 pair of gloves
MR       .....                  (no boots)
Stlth    ..........             (no amulet)
HPRegen  0.09/turn              (no ring)
MPRegen  0.10/turn              (no ring)

@: mighty, resistant
A: no striking features
a: no special abilities


You were on level 2 of the Dungeon.
You were not hungry.

You visited 1 branch of the dungeon, and saw 2 of its levels.

You collected 10 gold pieces.

Inventory:

Hand Weapons
 a - a +0 rapier
 b - a +0 short sword (weapon)
 e - a +0 hunting sling
Armour
 c - a +0 shield (worn)
 g - a +0 pair of gloves (worn)
 o - a +0 scale mail (worn)
Scrolls
 i - 2 scrolls of immolation {unknown}
 j - a scroll of amnesia {unknown}
 k - a scroll of magic mapping {unknown}
 l - a scroll of identify {unknown}
 p - a scroll of enchant armour {unknown}
Potions
 q - a potion of invisibility {unknown}
Comestibles
 f - 3 rations
 h - 4 chunks of flesh


   Skills:
 * Level 2.9 Fighting
 * Level 2.8 Short Blades
 * Level 0.9 Throwing
 + Level 2.6 Armour
 * Level 1.1 Dodging
 * Level 1.1 Stealth
 + Level 2.5 Shields


You had 3 spell levels left.
You didn't know any spells.
Your spell library was empty.

Dungeon Overview and Level Annotations

Branches:
Dungeon (2/15)

Altars:
Cheibriados


Message History

The gnoll barely misses you. x2
You hit the gnoll.
The gnoll is lightly wounded.
The gnoll hits you with a +0 spear.
* * * LOW HITPOINT WARNING * * *
You block the gnoll's attack. You block the gnoll's attack.
The gnoll hits you from afar with a +0 halberd.
* * * LOW HITPOINT WARNING * * *
You hit the gnoll.
The gnoll is lightly wounded.
The gnoll hits you with a +0 spear.
* * * LOW HITPOINT WARNING * * *
The gnoll hits you but does no damage. The gnoll barely misses you.
You block the gnoll's attack. The gnoll closely misses you.
You feel very mighty all of a sudden. The gnoll barely misses you.
The gnoll hits you from afar with a +0 spear.
You die...

#.......##.##.###......... #
#.......##................ ..
#.......####...##.........
#..#......÷####...##.###.#...
.$....(.......÷...##..##)#...
...........####.#.##...#.#...
#....##...# #.(..#.≈≈≈.[....
#.......gg##.....#≈≈≈≈≈..)..
##...##..g.@.....#≈≈.≈≈.....
#.. #..###.....#≈≈≈≈≈.####
... .....# ##....##≈≈≈#.####
### #####.. .....###_#.....)
#### ###### ###.#...#
...####. ..... # #...... #
##.....


You could see 3 gnolls.

Vanquished Creatures
  A worker ant (D:2)
  An ooze (D:1)
  A dart slug (D:2)
  3 giant cockroaches
  6 goblins
  6 hobgoblins (D:1)
  2 jackals (D:1)
  A quokka (D:2)
  3 bats
  7 frilled lizards
  2 kobolds
  3 rats
36 creatures vanquished.

Notes
Turn   | Place    | Note
-------+----------+-------------------------------------------
     0 | D:1      | Balder the Deep Elf Fighter began the quest for the Orb.
     0 | D:1      | Reached XP level 1. HP: 13/13 MP: 3/3
   130 | D:1      | Reached XP level 2. HP: 6/18 MP: 4/4
   961 | D:1      | Reached XP level 3. HP: 22/22 MP: 5/5
  1188 | D:2      | Found a snail-covered altar of Cheibriados.
  1244 | D:2      | Reached skill level 1 in Dodging
  1244 | D:2      | Reached skill level 1 in Stealth
  1465 | D:2      | Reached XP level 4. HP: 21/27 MP: 6/6
  1488 | D:2      | HP: 1/27 [gnoll/+0 spear (3)]
  1493 | D:2      | Slain by a gnoll

Levels and vault maps discovered:
D:1:      wander_arrival_estate, layout_basic, minmay_lizard_pond
D:2:      layout_loops_cross, kennysheep_slug_shrine, kennysheep_generic_room_7

Skill      XL: |  1  2  3 |
---------------+----------+-----
Dodging        | 1 |  1.1
Stealth        | 1 |  1.1
Fighting       | |  2.9
Short Blades   | |  2.8
Throwing       | |  0.9
Armour         | |  2.6
Shields        | |  2.5

Action                   |  1- 3 |  4- 6 || total
-------------------------+-------+-------++-------
Melee: Rapier            |   132 |       ||   132
       Short sword       |    19 |     3 ||    22
  Use: Potion            |     2 |     2 ||     4
  Eat: Chunk             |     2 |       ||     2
Armor: Scale mail        |    57 |     2 ||    59
Dodge: Dodged            |    29 |     7 ||    36
Block: Shield            |    58 |     4 ||    62
